 Dungeon Crawl Stone Soup version 0.31-a0-1370-gf52a5a9ab3 (webtiles) character file.

Game seed: 6885702264853708060

296 grandjackal the Trooper (level 6, -1/50 HPs)
             Began as a Demonspawn Gladiator on Dec 24, 2023.
             Splashed by a jelly's acid (8 damage)
             ... on level 4 of the Dungeon.
             The game lasted 00:02:41 (2763 turns).

grandjackal the Trooper (Demonspawn Gladiator)      Turns: 2763, Time: 00:02:41

Health: -1/50      AC: -9    Str: 16    XL:     6   Next: 12%
Magic:  6/6        EV:  8    Int:  8    God:
Gold:   199        SH:  0    Dex: 15    Spells: 5/5 levels left

rFire   . .          .
                       - Unarmed
rCold   . . .        (no shield)
rNeg    . . .        a - +0 ring mail
rPois   .            c - +0 helmet
rElec   .            (no cloak)
rCorr   .            (no gloves)
SInv    +            (no boots)
Will    .....        n - amulet of the acrobat
Stlth   +            g - ring of see invisible
HPRegen 0.28/turn    (no ring)
MPRegen 0.10/turn

%: acrobat
@: corroded, constricted
A: claws 1, rugged brown scales 1, demonic guardian 1
a: no special abilities


You were on level 4 of the Dungeon.
You visited 1 branch of the dungeon, and saw 4 of its levels.

You collected 199 gold pieces.

Inventory:

Missiles
 d - 3 throwing nets (quivered)
 e - a javelin
 m - 6 curare-tipped darts
Armour
 a - a +0 ring mail (worn)
 c - a +0 helmet (worn)
Jewellery
 g - a ring of see invisible (left claw)
 n - an amulet of the acrobat (around neck)
Scrolls
 f - 3 scrolls of identify {unknown}
 j - a scroll of revelation {unknown}
 k - a scroll of immolation {unknown}
 o - a scroll of teleportation {unknown}
Potions
 b - 2 potions of haste {unknown}
 h - a potion of enlightenment {unknown}
 i - 3 potions of might {unknown}
 l - 2 potions of lignification {unknown}
 p - a potion of heal wounds {unknown}


   Skills:
 + Level 4.5 Fighting
 - Level 2.8 Long Blades
 - Level 2.0 Throwing
 - Level 3.0 Dodging
 + Level 3.4 Unarmed Combat


You had 5 spell levels left.
You didn't know any spells.
Your spell library contained the following spells:

 Spells                   Type           Power      Damage    Failure   Level
 Cigotuvi's Dreadful Rot  Necr/Alch/Air  0%         N/A       77%         2
 Lesser Beckoning         Tloc           0%         N/A       77%         2
 Mercury Vapours          Alch/Air       0%         N/A       77%         2
 Sublimation of Blood     Necr           0%         N/A       77%         2
 Gell's Gravitas          Tloc           0%         N/A       94%         3
 Mephitic Cloud           Conj/Alch/Air  0%         N/A       94%         3
 Teleport Other           Tloc           0%         N/A       94%         3
 Ignite Poison            Fire/Alch      0%         N/A       100%        4
 Petrify                  Alch/Erth      0%         N/A       100%        4
 Freezing Cloud           Conj/Ice/Air   0%         6-21      100%        5
 Irradiate                Conj/Alch      0%         3d11      100%        5
 Conjure Ball Lightning   Conj/Air       0%         3x3d6     100%        6
 Discord                  Hex            0%         N/A       100%        8
 Disjunction              Tloc           0%         N/A       100%        8


Dungeon Overview and Level Annotations

Branches:
Dungeon (4/15)
 Temple: D:4-7

Altars:
Ru
Sif Muna


Innate Abilities, Weirdness & Mutations

You have sharp fingernails.
You are partially covered in rugged brown scales. (AC +1, +3% HP)
A weak demonic guardian rushes to your aid.


Message History

The kobold is heavily wounded.
The kobold hits you but does no damage.
You scratch the kobold.
You kill the kobold!
No target in view!
You now have 199 gold pieces (gained 15).
You see here a +0 dagger.
A jelly comes into view.
The jelly quivers.
A jelly is nearby!
A ball python comes into view.
Found a stone staircase leading up.
The ball python hisses angrily.
The jelly completely misses you.
You see here a fuming amethyst potion.
You scratch the jelly.
Your claws burn!
The jelly is moderately wounded.
You scratch the jelly. The acid corrodes you!
Your claws burn!
The jelly is heavily wounded.
The jelly barely misses you.
You scratch the jelly. The acid corrodes you!
Your claws burn!
The jelly is severely wounded.
The jelly hits you.
You are splashed with acid!
The ball python bites you. The ball python barely misses you.
You are too injured to fight recklessly!
You are too injured to fight recklessly!
You are too injured to fight recklessly!
You scratch the jelly but do no damage.
Your claws burn!
The jelly is severely wounded.
The jelly jiggles.
The jelly barely misses you. The ball python bites you.
The ball python grabs you. The ball python constricts you.
* * * LOW HITPOINT WARNING * * *
You scratch the jelly but do no damage. The acid corrodes you!
Your claws burn!
* * * LOW HITPOINT WARNING * * *
The jelly is severely wounded.
The jelly hits you.
* * * LOW HITPOINT WARNING * * *
A demonic guardian appears!
The acid corrodes you!
You are splashed with acid!
You die...

#...............####.##..........
.................................
.....................)...........
.##.#..####......................
# ###...###............#.......
#...#<.............#.......
.................###.######
...........## ## .......@...#
###....JS5....# #..........##
#...........# #............#
..............# ..#...........#
###............


You could see a jelly, a ball python (ally target) and a friendly iron imp
(summoned).

Vanquished Creatures
  A scorpion (D:4)
  Jessica (D:2)
  An iguana (D:3)
  Terence (D:2)
  An orc wizard (D:3)
  3 adders
  A bombardier beetle (D:4)
  An ufetubus (D:4)
  3 worms
  6 orcs (D:3)
  4 bats
  11 endoplasms
  3 giant cockroaches
  5 goblins
  9 hobgoblins
  4 kobolds
  3 quokkas
  3 ball pythons
  A ball python skeleton (D:2)
  A ball python zombie (D:2)
  7 frilled lizards
  4 rats
74 creatures vanquished.

Vanquished Creatures (collateral kills)
  An orc (D:3)
  A bat (D:3)
2 creatures vanquished.

Grand Total: 76 creatures vanquished

Notes
Turn   | Place    | Note
-------+----------+-------------------------------------------
     0 | D:1      | grandjackal the Demonspawn Gladiator began the quest for
                  | the Orb.
     0 | D:1      | Reached XP level 1. HP: 16/16 MP: 1/1
   535 | D:1      | Gained mutation: You have sharp fingernails. [demonic
                  | ancestry]
   535 | D:1      | Reached XP level 2. HP: 22/22 MP: 2/2
  1095 | D:2      | Reached XP level 3. HP: 28/28 MP: 3/3
  1131 | D:2      | Noticed Terence
  1141 | D:2      | Killed Terence
  1142 | D:2      | Reached skill level 1 in Unarmed Combat
  1206 | D:2      | Reached skill level 3 in Fighting
  1324 | D:2      | Noticed Jessica
  1369 | D:2      | Killed Jessica
  1370 | D:2      | Gained mutation: You are partially covered in rugged brown
                  | scales. (AC +1, +3% HP) [demonic ancestry]
  1370 | D:2      | Reached XP level 4. HP: 27/36 MP: 4/4
  1690 | D:3      | Gained mutation: A weak demonic guardian rushes to your
                  | aid. [demonic ancestry]
  1690 | D:3      | Reached XP level 5. HP: 22/43 MP: 5/5
  1975 | D:3      | Reached skill level 4 in Fighting
  2367 | D:3      | Found a shimmering blue altar of Sif Muna.
  2367 | D:3      | Found a sacrificial altar of Ru.
  2570 | D:4      | Reached XP level 6. HP: 43/50 MP: 6/6
  2763 | D:4      | Splashed by a jelly's acid

Illustrated notes

Levels and vault maps discovered:
D:1:      heliophobic_arrival_glass_houses, layout_loops_ring,
          kennysheep_crisscross, minivault_23
D:2:      layout_basic, serial_undead, serial_undead_c, serial_undead_e,
          serial_undead_d, serial_undead_c, uniq_jessica, uniq_terence
D:3:      layout_rooms, chequers_temple_overflow_statue_of_worship
D:4:      layout_cave_pools, gammafunk_ghost_cemetery,
          serial_library_hellmonk_u_bend

Skill      XL: |  1  2  3  4  5 |
---------------+----------------+-----
Throwing       | 2 |  2.0
Dodging        | 3 |  3.0
Unarmed Combat | 2 3 |  3.4
Fighting       | 3 4 |  4.5
Long Blades    | |  2.8

Action                     |  1- 3 |  4- 6 || total
---------------------------+-------+-------++-------
  Melee: Long sword        |    89 |       ||    89
         Unarmed           |       |   168 ||   168
         Punch             |       |     3 ||     3
   Stab: Sleeping          |     1 |       ||     1
 Armour: Leather armour    |    48 |    32 ||    80
         Ring mail         |       |    48 ||    48
  Dodge: Dodged            |    59 |    88 ||   147

Table legend: (Time is in decaauts)
 A = Elapsed time spent in this place.
 B = Non-inter-level travel time spent in this place.
 C = Inter-level travel time spent in this place.
 D = Time resting spent in this place.
 E = Time spent auto-exploring this place.
 F = Levels seen in this place.
 G = Mean time per level.
                   A        B        C        D        E       F      G
               +--------+--------+--------+--------+--------+-----+--------+
         Total |   2776 |   2658 |    118 |    293 |   1842 |   4 |  694.0 |
       Dungeon |   2776 |   2658 |    118 |    293 |   1842 |   4 |  694.0 |
               +--------+--------+--------+--------+--------+-----+--------+

Top non-repeatable levels by time:
     D:1: 982 daAuts
     D:3: 807 daAuts
     D:2: 659 daAuts
     D:4: 327 daAuts
